[Event "ICCopen2017"]
[Site "Internet Chess Club"]
[Date "2017.03.26"]
[Round "5"]
[White "Ricardov"]
[Black "aplusk"]
[Result "0-1"]
[ICCResult "White checkmated"]
[WhiteElo "2191"]
[BlackElo "2744"]
[Opening "Caro-Kann: Bronstein-Larsen variation"]
[ECO "B16"]
[NIC "CK.07"]
[Time "19:52:04"]
[TimeControl "180+0"]

1. e4 c6 2. d4 d5 3. Nd2 dxe4 4. Nxe4 Nf6 5. Nxf6+ gxf6 6. Qd3 Qd5 7. c4 Qf5
8. Qxf5 Bxf5 9. Be3 Na6 10. a3 O-O-O 11. Ne2 Bd3 12. Nc3 Bxf1 13. Kxf1 e6
14. Ke2 f5 15. f3 Rg8 16. Rhg1 h5 17. Rad1 Nc7 18. Bf4 Bd6 19. Bxd6 Rxd6 20.
Ke3 Rg6 21. g3 Rd8 22. Rg2 b5 23. b3 Rdg8 24. Rdg1 a6 25. a4 Kd7 26. Ne2
bxc4 27. Nf4 Rb8 28. Nxg6 Rxb3+ 29. Kf4 fxg6 30. Rc2 c3 31. Kg5 Nd5 32. Kxg6
Rb4 33. Kxh5 Rxd4 34. Kg6 Rd3 35. Rf2 Kd6 36. h4 Ne7+ 37. Kg7 Kc5 38. h5 Rd7
39. h6 Nd5+ 40. Kg6 Ne7+ 41. Kg7 Nd5+ 42. Kg8 Kd4 43. Rd1+ Ke3 44. Rc2 Nf6+
45. Kf8 Rxd1 46. Rxc3+ Kf2 47. Rxc6 Kxg3 48. Rxe6 Nh7+ 49. Kg7 Rd7+ 50. Kg8
Kxf3 51. Rxa6 f4 52. Rg6 Ke3 53. Re6+ Kf2 54. a5 f3 55. a6 Ng5 56. Rg6 Ne4
57. h7 Rd8+ 58. Kg7 Ke3 59. Kh6 f2 60. Rg8 Rd6+ 61. Kh5 f1=Q 62. Rg3+ Nxg3+
63. Kg5 Qf4# {White checkmated} 0-1

[Event "ICCopen2017"]
[Site "Internet Chess Club"]
[Date "2017.03.26"]
[Round "5"]
[White "atoz"]
[Black "croder"]
[Result "1-0"]
[ICCResult "Black forfeits on time"]
[WhiteElo "1387"]
[BlackElo "1503"]
[Opening "English opening"]
[ECO "A20"]
[NIC "EO.24"]
[Time "19:53:09"]
[TimeControl "180+0"]

1. c4 e5 2. g3 d6 3. Bg2 Nf6 4. Nc3 Be7 5. d3 O-O 6. e4 Nbd7 7. Nge2 Re8 8.
O-O Nf8 9. f4 exf4 10. gxf4 Bg4 11. h3 Bh5 12. f5 Qc8 13. Qd2 N8d7 14. Ng3
Ne5 15. Nd5 Bf8 16. Nxf6+ gxf6 17. Nxh5 Qd8 18. Qf4 Kh8 19. Qg3 c5 20. Kh2
a6 21. Rg1 Ng6 22. fxg6 fxg6 23. Nf4 g5 24. Nd5 Bh6 25. Qf3 Rf8 26. Be3 Rc8
27. Raf1 Bg7 28. Qh5 Qd7 29. Bf3 b5 30. Bg4 Qc7 31. Nxc7 Rxc7 32. Bf5 h6 33.
Qg6 Kg8 34. Be6+ Rff7 35. Bxf7+ Rxf7 36. Rf2 Kf8 37. Rgf1 Ke7 38. Qf5 b4 39.
Qc8 a5 40. Qc7+ Ke6 41. Qxa5 Re7 42. Qb6 Rd7 43. Bxc5 h5 44. e5 fxe5 45. Rf7
Rxf7 46. Rxf7 Kxf7 47. Qxd6 g4 48. Qd7+ Kg6 49. hxg4 hxg4 50. Qe6+ Kh5 51.
Bd6 Kg5 52. Bxe5 Bxe5+ 53. Qxe5+ Kh4 54. Qh8+ Kg5 55. Qg7+ Kh4 56. Qf6+ Kh5
57. Kg3 b3 58. Qh8+ Kg5 59. Qh4+ Kf5 60. Qxg4+ Ke5 61. axb3 Kd6 62. Qe4 Kc5
63. d4+ Kb4 64. Kg4 Kxb3 65. Kf4 Kxb2 66. d5 Kb3 67. d6 Kb4 68. d7 Kc5 69.
d8=Q Kb4 70. Qb6+ Kc3 71. Qee3+ Kc2 72. Qe4+ Kc3 73. Qa5+ Kb2 74. Qb5+
{Black forfeits on time}
1-0

[Event "ICCopen2017"]
[Site "Internet Chess Club"]
[Date "2017.03.26"]
[Round "5"]
[White "RdgMx"]
[Black "lion100"]
[Result "1-0"]
[ICCResult "Black forfeits on time"]
[WhiteElo "1837"]
[BlackElo "1371"]
[Opening "Queen's bishop game"]
[ECO "D02"]
[NIC "QP.08"]
[Time "19:53:23"]
[TimeControl "180+0"]

1. d4 d5 2. Nf3 Nf6 3. Bf4 e6 4. e3 c5 5. c3 Bd6 6. Ne5 c4 7. Nd2 b5 8. a3
O-O 9. Qc2 a6 10. Be2 Bb7 11. O-O Nc6 12. Ndf3 a5 13. h3 b4 14. axb4 axb4
15. Nxc6 Bxc6 16. Bxd6 Qxd6 17. Ne5 bxc3 18. bxc3 g6 19. f4 Ne4 20. Bf3 Ng3
21. Rfb1 Rfb8 22. Rxb8+ Rxb8 23. Ra6 Rc8 24. Qb2 f6 25. Nxc6 Rxc6 26. Ra8+
Kg7 27. Qb7+ Kh6 28. Rh8 Rc7 29. Qb8 Qe7 30. Kh2 Nf5 31. Rg8 Qf7 32. Rf8 Qe7
33. Rg8 Nxe3 34. g4 g5 35. fxg5+ fxg5 36. Qf8+ Qxf8 37. Rxf8 Re7 38. Kg3 e5
39. dxe5 Rxe5 40. Rf6+ Kg7 41. Rd6 {Black forfeits on time} 1-0

[Event "ICCopen2017"]
[Site "Internet Chess Club"]
[Date "2017.03.26"]
[Round "5"]
[White "gannikus1992"]
[Black "dhar2603"]
[Result "1-0"]
[ICCResult "Black checkmated"]
[WhiteElo "2369"]
[BlackElo "1854"]
[Opening "Caro-Kann: advance variation"]
[ECO "B12"]
[NIC "CK.04"]
[Time "19:52:40"]
[TimeControl "180+0"]

1. e4 c6 2. d4 d5 3. e5 Bf5 4. Nf3 e6 5. Be2 c5 6. Be3 Nc6 7. c4 Nge7 8. Nc3
Bg4 9. cxd5 Nxd5 10. O-O Nxe3 11. fxe3 cxd4 12. Nxd4 Bxe2 13. Qxe2 Nxd4 14.
exd4 a6 15. Rad1 Be7 16. d5 exd5 17. Nxd5 O-O 18. Nf6+ Bxf6 19. Rxd8 Bxd8
20. e6 Bf6 21. exf7+ Rxf7 22. Kh1 Raf8 23. g3 b5 24. b3 h6 25. Qe4 Ra7 26.
Kg2 Kh8 27. Rf2 Rd8 28. h4 Re7 29. Qc6 Rf8 30. Qxa6 b4 31. Qb6 Re4 32. Qd6
Rf7 33. Qd5 Ree7 34. Qa8+ Kh7 35. Qb8 Bc3 36. Rxf7 Rxf7 37. Qc8 Bd4 38. Qc2+
g6 39. Qc4 Rf2+ 40. Kh3 Rd2 41. Qxb4 Rd1 42. Qe7+ Bg7 43. a4 Rh1+ 44. Kg2
Rb1 45. Qb7 Rb2+ 46. Kh3 Rc2 47. a5 Ra2 48. a6 g5 49. hxg5 hxg5 50. a7 g4+
51. Kxg4 Rd2 52. a8=Q Rd4+ 53. Qe4+ Rxe4+ 54. Qxe4+ Kh6 55. Kf5 Kh7 56. Qe7
Kg8 57. Kg6 Bf8 58. Qe8 Kh8 59. Qxf8# {Black checkmated} 1-0

[Event "ICCopen2017"]
[Site "Internet Chess Club"]
[Date "2017.03.26"]
[Round "5"]
[White "heartache"]
[Black "LarryDavidson55"]
[Result "0-1"]
[ICCResult "White forfeits on time"]
[WhiteElo "1038"]
[BlackElo "1246"]
[Opening "King's pawn opening"]
[ECO "B07"]
[NIC "VO.17"]
[Time "19:52:53"]
[TimeControl "180+0"]

1. e4 d6 2. Bc4 Nf6 3. d3 e5 4. Nc3 Be7 5. Nf3 O-O 6. O-O c6 7. a3 Nbd7 8.
Bd2 a5 9. Ne2 Nc5 10. Ng3 Bg4 11. h3 Bd7 12. Qc1 b5 13. Ba2 Qb6 14. Nh2 b4
15. Nf3 b3 16. cxb3 Nxd3 17. Qc3 Nc5 18. Qe3 Bc8 19. b4 Na4 20. bxa5 Rxa5
21. Bxa5 Qxa5 22. Rab1 Ba6 23. Rfd1 Nc5 24. Qg5 Qc7 25. Nh4 Nfxe4 26. Nxe4
Bxg5 27. Nxg5 d5 28. Nf5 e4 29. Rdc1 Nd3 30. Rc3 Qf4 31. Ne7+ Kh8 32. Nxc6
Qxg5 33. Nb4 Bc8 34. Rxc8 Rxc8 35. Nxd5 Rc1+ 36. Rxc1 Qxc1+ 37. Kh2 Nxf2 38.
Kg3 e3 39. Nxe3 Nd3 40. Kh2 Qxe3 41. Bxf7 Qf4+ 42. Kg1 Qxf7 43. Kh1 Qf1+ 44.
Kh2 Nf2 45. Kg3 Qe2 46. Kh4 Ne4 {White forfeits on time} 0-1

[Event "ICCopen2017"]
[Site "Internet Chess Club"]
[Date "2017.03.26"]
[Round "5"]
[White "arsam"]
[Black "MoonlightWizard"]
[Result "0-1"]
[ICCResult "White forfeits on time"]
[WhiteElo "2688"]
[BlackElo "2812"]
[Opening "French: Tarrasch, Guimard main line"]
[ECO "C04"]
[NIC "FR.15"]
[Time "19:53:04"]
[TimeControl "180+0"]

1. e4 e6 2. d4 d5 3. Nd2 Nc6 4. Ngf3 Nf6 5. e5 Nd7 6. Bb5 a6 7. Bxc6 bxc6 8.
O-O Be7 9. c3 c5 10. Nb3 O-O 11. Na5 Nb8 12. dxc5 Bxc5 13. b4 Bb6 14. Nb3
Nd7 15. Be3 Bxe3 16. fxe3 Bb7 17. Qd4 Qc8 18. Ne1 Bc6 19. a4 Nb6 20. Nc5 Qe8
21. a5 Nc8 22. h4 Ne7 23. Ned3 Bb5 24. h5 h6 25. g4 Bxd3 26. Qxd3 Nc6 27. e4
Nxe5 28. Qg3 f6 29. Rae1 Qc6 30. Qg2 dxe4 31. Rxe4 Rad8 32. Rxe5 Qxg2+ 33.
Kxg2 fxe5 34. Rxf8+ Rxf8 35. Nxa6 e4 36. Nc5 e3 37. b5 e2 38. Nd3 Rd8 39.
Ne1 Rd1 40. Kf2 Ra1 41. a6 c6 42. c4 cxb5 43. cxb5 Ra5 44. Kxe2 Rxb5 45. Nd3
Ra5 46. Nb4 Ra4 47. Nc6 Rxa6 48. Nd4 e5 49. Nf5 Ra2+ 50. Ke3 Ra4 51. Kf3
Rf4+ 52. Ke3 Rxf5 53. gxf5 Kf7 54. Ke4 Kf6 55. Kd5 Kxf5 56. Kd6 e4
{White forfeits on time}
0-1

[Event "ICCopen2017"]
[Site "Internet Chess Club"]
[Date "2017.03.26"]
[Round "5"]
[White "vishweshk"]
[Black "NomDeGuerre"]
[Result "1-0"]
[ICCResult "Black forfeits on time"]
[WhiteElo "1811"]
[BlackElo "2002"]
[Opening "Queen's pawn game"]
[ECO "A45"]
[NIC "QP.07"]
[Time "19:52:30"]
[TimeControl "180+0"]

1. d4 Nf6 2. e3 g6 3. Bd3 Bg7 4. Nf3 O-O 5. O-O d6 6. Nbd2 c5 7. c3 Nc6 8.
Re1 cxd4 9. exd4 e5 10. dxe5 dxe5 11. Ne4 Nxe4 12. Bxe4 Qxd1 13. Rxd1 h6 14.
Bc2 Be6 15. Be3 Rfd8 16. Bb3 Bxb3 17. axb3 f5 18. Kf1 e4 19. Nd2 b5 20. b4
a5 21. bxa5 Nxa5 22. Bb6 Nc4 23. Bxd8 Nxd2+ 24. Ke2 Rxd8 25. Rxd2 Rb8 26.
Rd7 b4 27. Raa7 Bf6 28. Rdb7 Rxb7 29. Rxb7 bxc3 30. bxc3 Bxc3 31. f3 exf3+
32. Kxf3 Be5 33. h3 h5 34. Ke2 g5 35. Rb5 Bf6 36. Rxf5 Kg7 37. g4 Kg6 38.
Rb5 hxg4 39. hxg4 Be7 40. Kf3 Ba3 41. Ke4 Bc1 42. Rb6+ Kg7 43. Kf5 Bf4 44.
Rb7+ Kf8 45. Rb6 Kf7 46. Rf6+ Kg7 47. Rg6+ Kf7 48. Rh6 Kg7 49. Rh5 Kf7 50.
Rh3 Kg7 51. Rh1 Kf7 52. Rh5 Kg7 53. Rxg5+ Bxg5 54. Kxg5 Kh7 55. Kf6 Kg8 56.
Kg6 Kh8 57. Kf7 Kh7 58. g5 Kh8 59. Kf6 Kh7 60. Kf7 Kh8 61. Kg6 Kg8 62. Kh6
Kh8 63. g6 Kg8 64. g7 Kf7 65. Kh7 Kf6 66. g8=Q Ke7 67. Qg7+ Ke6 68. Kg6 Kd5
69. Qf7+ Ke5 70. Qf6+ Kd5 71. Kg5 Ke4 72. Qf5+ Kd4 73. Qe6 Kc5 74. Kf5 Kd4
75. Qe5+ Kc4 76. Qd6 Kb5 77. Ke5 Kc4 78. Qd5+ Kc3 79. Qd4+ Kb3 80. Ke4 Kc2
81. Ke3 Kb3 82. Qd3+ Kb4 83. Kd2 Kc5 84. Qc3+ Kd5 85. Qe3 Kc4 86. Qe4+
{Black forfeits on time}
1-0

[Event "ICCopen2017"]
[Site "Internet Chess Club"]
[Date "2017.03.26"]
[Round "5"]
[White "Kusox"]
[Black "leonardoalmeida"]
[Result "0-1"]
[ICCResult "White forfeits on time"]
[WhiteElo "2137"]
[BlackElo "1829"]
[Opening "Scandinavian (center counter) defense"]
[ECO "B01"]
[NIC "SD.01"]
[Time "19:53:05"]
[TimeControl "180+0"]

1. e4 d5 2. exd5 Qxd5 3. Nc3 Qa5 4. a3 c6 5. Bc4 Nf6 6. b4 Qb6 7. d3 Bg4 8.
Nge2 Bxe2 9. Qxe2 Nbd7 10. Be3 Qc7 11. O-O e6 12. f4 Be7 13. f5 exf5 14. Bf4
Qb6+ 15. Kh1 Qd4 16. Rae1 O-O 17. Qxe7 Qxc3 18. Qd6 Rfe8 19. Rc1 h6 20. Qc7
Re2 21. Qxb7 Rae8 22. Qxc6 Qxa3 23. Bg3 Qxb4 24. Rxf5 Qd2 25. Rcf1 Qxc2 26.
h3 Qb2 27. Bh4 R8e7 28. Qc8+ Kh7 29. Bxf6 Nxf6 30. Rxf6 gxf6 31. Qf5+ Kg7
32. Qg4+ Kh7 33. Rf3 Re1+ 34. Kh2 Qe5+ 35. Rg3 Qg5 36. Qf3 Qe5 37. Bd5 Re3
38. Be4+ f5 39. Qxe3 fxe4 40. dxe4 Qxe4 41. Qc3 Qe5 42. Qc8 Qxg3+ 43. Kxg3
Re3+ 44. Kh2 Re6 45. Qc3 Rg6 46. Qd3 Kg7 47. h4 Rf6 48. Qd4 Kg6 49. h5+ Kg5
50. g4 Rf4 51. Qe5+ Kxg4 52. Qg7+ Kxh5 53. Kh3 Rh4+ 54. Kg3 Re4 55. Qxf7+
Kg5 {White forfeits on time} 0-1

[Event "ICCopen2017"]
[Site "Internet Chess Club"]
[Date "2017.03.26"]
[Round "5"]
[White "DetectiveStark"]
[Black "sacov"]
[Result "0-1"]
[ICCResult "White forfeits on time"]
[WhiteElo "2501"]
[BlackElo "2173"]
[Opening "Scandinavian: Marshall variation"]
[ECO "B01"]
[NIC "SD.03"]
[Time "19:53:04"]
[TimeControl "180+0"]

1. e4 d5 2. exd5 Nf6 3. d4 Nxd5 4. Nf3 g6 5. Bc4 Bg7 6. h3 O-O 7. O-O Nc6 8.
c3 Nb6 9. Bb3 e5 10. Bg5 Qd6 11. dxe5 Nxe5 12. Nxe5 Qxe5 13. Qc1 Bd7 14. Re1
Qb5 15. Na3 Qa5 16. Bh6 Bc6 17. Bxg7 Kxg7 18. Qf4 Nd5 19. Qd4+ Nf6 20. Re5
Qb6 21. Qh4 Rae8 22. Nc4 Rxe5 23. Nxb6 axb6 24. Rd1 Rfe8 25. Qd4 Re2 26. Rd2
Re1+ 27. Kh2 Rb1 28. f3 Ree1 29. h4 Rh1+ 30. Kg3 Bd7 31. Bc4 c5 32. Qe5 Rbe1
33. Qc7 Nh5+ 34. Kf2 Be8 35. Re2 Rxe2+ 36. Bxe2 Rxh4 37. g4 Nf6 38. Qe5 h6
39. Kg2 Bc6 40. Kg3 Rh1 41. Bc4 Rd1 42. Qc7 Rd7 43. Qxb6 Nd5 44. Qxc5 Nf6
45. b4 g5 46. b5 Bd5 47. Bxd5 Rxd5 48. Qb4 Rd3 49. c4 Ne4+ 50. Kg2 Nd2 51.
c5 Nxf3 52. Qe4 Rd2+ 53. Kxf3 Rxa2 54. Qe5+ Kg6 55. c6 bxc6 56. bxc6 Ra3+
57. Ke4 Ra4+ 58. Kd5 Ra5+ 59. Kd6 Ra8 60. c7 Ra6+ 61. Kd7 Ra3 62. Qd6+ Kg7
63. Qxa3 Kg6 64. c8=Q Kg7 65. Qg8+ Kxg8 66. Qe7 Kg7 67. Kd6 Kg6 68. Ke5 Kg7
69. Qf6+ Kf8 {White forfeits on time} 0-1

[Event "ICCopen2017"]
[Site "Internet Chess Club"]
[Date "2017.03.26"]
[Round "5"]
[White "ChessOlympian"]
[Black "Synapse"]
[Result "1-0"]
[ICCResult "Black checkmated"]
[WhiteElo "1608"]
[BlackElo "1340"]
[Opening "Scandinavian (center counter) defense"]
[ECO "B01"]
[NIC "VO.17"]
[Time "19:52:51"]
[TimeControl "180+0"]

1. e4 d5 2. Nc3 d4 3. Nce2 Nf6 4. Ng3 Bg4 5. Nf3 h5 6. h3 Bxf3 7. Qxf3 Nc6
8. d3 Ne5 9. Qd1 h4 10. Ne2 e6 11. f4 Nc6 12. Ng1 Nh5 13. Ne2 Bd6 14. e5 Be7
15. Kf2 Ng3 16. Nxg3 hxg3+ 17. Kxg3 Bh4+ 18. Kh2 Ne7 19. g3 Qd5 20. Bg2 Qb5
21. gxh4 O-O-O 22. a4 Qa6 23. b4 Nf5 24. b5 Qb6 25. Rg1 Nxh4 26. Bh1 Qc5 27.
Bd2 f6 28. exf6 gxf6 29. a5 e5 30. b6 a6 31. bxc7 Rd7 32. Rb1 Rxc7 33. Bb4
Qxc2+ 34. Bg2 Nf3+ 35. Qxf3 Kd8 36. Rbc1 Qxc1 37. Qd5+ Kc8 38. Rxc1 Rxc1 39.
Qxb7+ Kd8 40. Qe7+ Kc8 41. Bb7+ Kb8 42. Bd6+ Ka7 43. Bc6# {Black checkmated}
1-0

[Event "ICCopen2017"]
[Site "Internet Chess Club"]
[Date "2017.03.26"]
[Round "5"]
[White "RobertoJBM"]
[Black "chuckechess"]
[Result "0-1"]
[ICCResult "White checkmated"]
[WhiteElo "2724"]
[BlackElo "2519"]
[Opening "QGD Slav: 4.Nc3"]
[ECO "D15"]
[NIC "SL.03"]
[Time "19:53:05"]
[TimeControl "180+0"]

1. d4 d5 2. Nf3 Nf6 3. c4 c6 4. Nc3 a6 5. e3 g6 6. Be2 Bg7 7. O-O O-O 8. Ne5
Nbd7 9. f4 dxc4 10. Bxc4 Nxe5 11. fxe5 Nd5 12. Nxd5 cxd5 13. Bd3 b5 14. a4
Bd7 15. axb5 Bxb5 16. Qe2 Qb6 17. Ra2 Rac8 18. Bd2 Rc2 19. Bxb5 Qxb5 20.
Qxb5 axb5 21. Bb4 Re8 22. Rf2 Rc1+ 23. Rf1 Rc2 24. Rf2 Rc1+ 25. Rf1 Rc2 26.
Ba3 e6 27. Raa1 Bh6 28. Rf3 Rec8 29. Bc5 Bf8 30. b4 Bxc5 31. dxc5 Rd8 32.
Rf2 Rc4 33. Rf4 d4 34. Rxd4 Rdxd4 35. exd4 Rxd4 36. Rc1 Kf8 37. c6 Rd8 38.
Kf2 Ke7 39. Ke3 Ke8 40. Rc5 Rc8 41. Kd4 Kd8 42. Ke4 Kc7 43. Rxb5 Ra8 44.
Rb7+ Kxc6 45. Rxf7 Ra4 46. Rxh7 Rxb4+ 47. Kf3 Kd5 48. Rg7 Kxe5 49. Rxg6 Kf5
50. Rg8 Rb3+ 51. Kf2 Rc3 52. h3 e5 53. Kg1 e4 54. Rf8+ Kg5 55. Rf1 Rc2 56.
Rf2 Rc1+ 57. Kh2 Rc3 58. g3 e3 59. Re2 Kf5 60. Kg2 Ke4 61. Re1 Rc2+ 62. Kg1
Kf3 63. Rc1 Rxc1+ 64. Kh2 Rc2+ 65. Kh1 e2 66. Kg1 e1=Q# {White checkmated}
0-1

[Event "ICCopen2017"]
[Site "Internet Chess Club"]
[Date "2017.03.26"]
[Round "5"]
[White "YHWH"]
[Black "Jude"]
[Result "0-1"]
[ICCResult "White forfeits on time"]
[WhiteElo "1504"]
[BlackElo "1945"]
[Opening "Old Indian defense"]
[ECO "A42"]
[NIC "OI.07"]
[Time "19:53:03"]
[TimeControl "180+0"]

1. d4 d6 2. c4 e5 3. dxe5 dxe5 4. Qxd8+ Kxd8 5. Nf3 f6 6. Nc3 Be6 7. e4 c6
8. Be3 Nd7 9. a3 a5 10. Rd1 Kc7 11. Bd3 Bc5 12. Ke2 Bxe3 13. Kxe3 Ne7 14.
Nd2 Rhd8 15. g3 Nc5 16. Bc2 a4 17. f4 Bg4 18. Nf3 exf4+ 19. gxf4 Be6 20. Nd2
g6 21. h4 Rg8 22. Rdg1 Rad8 23. Rh2 b6 24. Rhg2 h6 25. Nxa4 Nxa4 26. Bxa4 b5
27. cxb5 cxb5 28. Bxb5 Rb8 29. a4 Bd7 30. Rc1+ Kd8 31. Bxd7 Kxd7 32. b3 Nc6
33. Nc4 Rxb3+ 34. Kf2 Ke6 35. Rg3 Rxg3 36. Kxg3 Ra8 37. Ra1 Na5 38. Nb6 Ra6
39. Nd5 Rc6 40. Kf3 f5 41. Nb4 Rc3+ 42. Ke2 fxe4 43. Ra2 Rh3 44. Nc2 Kf5 45.
Kd2 Kxf4 46. Nd4 Ke5 47. Ne2 Rh2 48. Ke3 Rh3+ 49. Kd2 Rxh4 50. Nc3 Rh2+ 51.
Ne2 Nc4+ 52. Kc3 Nd6 {White forfeits on time} 0-1

[Event "ICCopen2017"]
[Site "Internet Chess Club"]
[Date "2017.03.26"]
[Round "5"]
[White "manusupergm2001"]
[Black "tonychess2014"]
[Result "1-0"]
[ICCResult "Black forfeits on time"]
[WhiteElo "2111"]
[BlackElo "1787"]
[Opening "Van't Kruijs opening"]
[ECO "A00"]
[Time "19:52:53"]
[TimeControl "180+0"]

1. e3 d6 2. d4 Nf6 3. c4 g6 4. Nc3 Bg7 5. Nf3 Bg4 6. Be2 c6 7. O-O Bxf3 8.
Bxf3 O-O 9. b3 e5 10. Bb2 Re8 11. dxe5 dxe5 12. Qxd8 Rxd8 13. Na4 Nfd7 14.
Rfd1 Na6 15. Ba3 Bf8 16. Bb2 Bg7 17. Kf1 f5 18. e4 Ndc5 19. Nxc5 Nxc5 20.
exf5 gxf5 21. Be2 e4 22. Bxg7 Kxg7 23. Rac1 Kf6 24. Ke1 Ke5 25. b4 Nd3+ 26.
Bxd3 exd3 27. Rc3 Ke4 28. Kd2 Rg8 29. g3 Rad8 30. Re1+ Kd4 31. Re3 Rge8 32.
Rexd3+ Ke4 33. Rxd8 Rxd8+ 34. Ke2 f4 35. gxf4 Kxf4 36. Rf3+ Ke4 37. Rh3 Rd7
38. Rh4+ Kf5 39. Ke3 Kg5 40. Rd4 Re7+ 41. Kf3 h5 42. Rd6 Rf7+ 43. Kg3 h4+
44. Kg2 Re7 45. Rd2 Rf7 46. Rd3 Rf4 47. Rc3 Kg4 48. a3 Rd4 49. Rc2 Rd3 50.
h3+ Rxh3 51. Rd2 Rxa3 52. Rd4+ Kg5 53. Rd7 Ra4 54. Rxb7 a5 55. b5 cxb5 56.
cxb5 Rb4 57. Rg7+ Kf6 58. Rh7 Rxb5 59. Rxh4 Kg5 60. Ra4 Kf5 61. Kf3 Rc5 62.
Ke3 Rb5 63. Kd3 Ke5 64. Re4+ Kf5 65. Ra4 Rc5 66. Ke2 Rb5 67. Kf3 Ke5 68. Kg4
Kf6 69. f4 Kg6 70. Ra1 Kf6 71. Rh1 Kf7 72. Rh7+ Kg8 73. Ra7 Rc5 74. f5 Rc8
75. Kg5 Rc4 76. Kg6 {Black forfeits on time} 1-0

[Event "ICCopen2017"]
[Site "Internet Chess Club"]
[Date "2017.03.26"]
[Round "5"]
[White "Kalmyk"]
[Black "Alright2015"]
[Result "0-1"]
[ICCResult "White forfeits on time"]
[WhiteElo "2785"]
[BlackElo "2248"]
[Opening "Old Benoni defense"]
[ECO "A46"]
[NIC "QP.06"]
[Time "19:53:03"]
[TimeControl "180+0"]

1. d4 Nf6 2. Nf3 c5 3. d5 e6 4. Nc3 b5 5. dxe6 fxe6 6. Nxb5 d5 7. e3 Nc6 8.
Be2 Bb7 9. O-O a6 10. Na3 Bd6 11. c4 Qc7 12. b3 Rg8 13. Bb2 O-O-O 14. Rc1
Rdf8 15. cxd5 exd5 16. Nc2 g5 17. b4 g4 18. Nh4 Bxh2+ 19. Kh1 Ne4 20. Bxg4+
Kb8 21. Bf3 Qe7 22. Kxh2 Qxh4+ 23. Kg1 Ng5 24. Bg4 h5 25. g3 Qxg4 26. Qxg4
hxg4 27. bxc5 Nf3+ 28. Kg2 Nce5 29. Nd4 Rh8 30. Rh1 Rxh1 31. Rxh1 Nxd4 32.
Bxd4 Nf3 33. Rh6 Kc7 34. Rg6 Bc8 35. Rg7+ Bd7 36. Rg6 Nxd4 37. exd4 Rf3 38.
Rxa6 Rd3 39. Ra7+ Kc6 40. Ra6+ Kc7 41. Rd6 Rxd4 42. Rf6 Rc4 43. Rf7 Rxc5 44.
Kf1 d4 45. Ke2 Rd5 46. Kd2 Kd6 47. Rf6+ Be6 48. Rf8 Ra5 49. Rd8+ Ke5 50. Rh8
Rxa2+ 51. Ke1 Ke4 52. Re8 Kd5 {White forfeits on time} 0-1

[Event "ICCopen2017"]
[Site "Internet Chess Club"]
[Date "2017.03.26"]
[Round "5"]
[White "rencoroso"]
[Black "beaupre"]
[Result "0-1"]
[ICCResult "White forfeits on time"]
[WhiteElo "2054"]
[BlackElo "1812"]
[Opening "Sicilian: Hungarian variation"]
[ECO "B27"]
[NIC "SI.43"]
[Time "19:53:09"]
[TimeControl "180+0"]

1. e4 c5 2. Nf3 g6 3. c3 Bg7 4. d4 cxd4 5. cxd4 d5 6. exd5 Nf6 7. Nc3 Nxd5
8. Bb5+ Nc6 9. O-O O-O 10. Re1 Bg4 11. Be3 Nxe3 12. fxe3 e6 13. h3 Bxf3 14.
Qxf3 Ne7 15. Qxb7 Nf5 16. Qf3 Qg5 17. Ne4 Qe7 18. Rac1 Rab8 19. Qe2 Bh6 20.
Ba4 Bxe3+ 21. Kh1 Ng3+ 22. Nxg3 Bxd4 23. Bb3 a5 24. Ne4 a4 25. Bxa4 Rxb2 26.
Rc2 Rfb8 27. Rf1 f5 28. Ng3 Rxc2 29. Qxc2 Rb2 30. Qc4 Be5 31. Ne2 Bc7 32.
Bb3 Kf7 33. Nf4 Rxb3 34. axb3 g5 35. Nd3 Qd6 36. Kg1 Qh2+ 37. Kf2 Qg3+ 38.
Ke2 Qxg2+ 39. Rf2 Qxh3 40. Qxc7+ Kf6 41. Qc4 Qg4+ 42. Kd2 Qxc4 43. bxc4 e5
44. Kc3 e4 45. Nb4 e3 46. Ra2 e2 47. Kd2 f4 48. Kxe2 Kg6 49. Kf2 Kh5 50. Ra3
Kg4 {White forfeits on time} 0-1

[Event "ICCopen2017"]
[Site "Internet Chess Club"]
[Date "2017.03.26"]
[Round "5"]
[White "MikeWzd"]
[Black "patterncircular"]
[Result "0-1"]
[ICCResult "White forfeits on time"]
[WhiteElo "1756"]
[BlackElo "2062"]
[Opening "Pirc defense"]
[ECO "B07"]
[NIC "PU.08"]
[Time "19:53:17"]
[TimeControl "180+0"]

1. d4 d6 2. e4 Nf6 3. f3 e5 4. d5 Nxe4 5. fxe4 Qh4+ 6. Kd2 Qxe4 7. Nc3 Qg6
8. Qf3 f5 9. Bb5+ Kd8 10. Nh3 Be7 11. a4 a6 12. Be2 Nd7 13. b4 Nf6 14. Qg3
f4 15. Qxg6 hxg6 16. Ng5 Ke8 17. Bb2 Nh5 18. Bf3 Bxg5 19. Be4 Bf5 20. Kd3
Nf6 21. Rae1 Kd7 22. g4 fxg3 23. hxg3 Nxe4 24. Nxe4 Bxe4+ 25. Kxe4 Raf8 26.
Rxh8 Rxh8 27. Rf1 Ke7 28. Bc1 Bxc1 29. Rxc1 Rh2 30. Kf3 Kf6 31. Kg4 Rd2 32.
c4 Rd4+ 33. Kh3 Kg5 34. Rc3 e4 35. a5 Kf5 36. b5 g5 37. bxa6 bxa6 38. g4+
Ke5 39. Kg3 Rd3+ 40. Rxd3 exd3 41. Kf3 Kd4 42. c5 Kxc5 43. Ke3 Kxd5 44. Kxd3
Kc5 45. Kc3 Kb5 46. Kb3 Kxa5 47. Kc3 c5 48. Kd3 Kb5 49. Kc3 a5 50. Kb3 a4+
51. Ka3 Kc4 52. Kxa4 Kd4 53. Kb3 Ke4 54. Kc3 d5 55. Kd2 d4 56. Kc2 Kf4 57.
Kd3 Kxg4 58. Kc4 Kf3 59. Kd3 g4 60. Kd2 g3 61. Kd3 g2 62. Kd2 g1=Q 63. Kd3
Qe3+ 64. Kc4 Qc3+ 65. Kd5 d3 {White forfeits on time} 0-1

[Event "ICCopen2017"]
[Site "Internet Chess Club"]
[Date "2017.03.26"]
[Round "5"]
[White "SeventhWill"]
[Black "bumper10"]
[Result "1-0"]
[ICCResult "Black forfeits on time"]
[WhiteElo "2567"]
[BlackElo "2192"]
[Opening "Sicilian: Canal-Sokolsky attack, Sokolsky variation"]
[ECO "B52"]
[NIC "SI.01"]
[Time "19:53:06"]
[TimeControl "180+0"]

1. e4 c5 2. Nf3 d6 3. Bb5+ Bd7 4. Bxd7+ Qxd7 5. c4 Nf6 6. Nc3 Nc6 7. d4 cxd4
8. Nxd4 g6 9. f3 Bg7 10. Be3 O-O 11. O-O a6 12. a4 Qd8 13. Nxc6 bxc6 14. a5
Nd7 15. Na4 Rb8 16. Qc2 c5 17. Nc3 Rb4 18. b3 Ne5 19. Nd5 Rb7 20. Ra3 Nc6
21. Qd2 e6 22. Nf4 Nd4 23. Rb1 Qc7 24. Ne2 Nc6 25. Rd1 Rd8 26. Bg5 Rd7 27.
h4 Nd4 28. Nxd4 Bxd4+ 29. Be3 e5 30. h5 Qd8 31. hxg6 hxg6 32. g3 Kg7 33. Kg2
f5 34. exf5 gxf5 35. Bxd4 cxd4 36. Rh1 Qf6 37. Rh5 Kf7 38. Ra1 Rxb3 39. Rah1
Rdb7 40. Rh7+ Ke6 41. Rxb7 Rxb7 42. Rh6 Rc7 43. Rxf6+ Kxf6 44. g4 f4 45. Qd3
Ke6 46. Qf5+ {Black forfeits on time} 1-0

[Event "ICCopen2017"]
[Site "Internet Chess Club"]
[Date "2017.03.26"]
[Round "5"]
[White "Eliezer"]
[Black "ziggyalbert"]
[Result "1-0"]
[ICCResult "Black forfeits on time"]
[WhiteElo "1506"]
[BlackElo "1285"]
[Opening "Sicilian: accelerated fianchetto, modern variation"]
[ECO "B34"]
[NIC "SI.33"]
[Time "19:53:17"]
[TimeControl "180+0"]

1. e4 c5 2. Nf3 Nc6 3. d4 cxd4 4. Nxd4 g6 5. Nc3 Bg7 6. Be3 d6 7. Qd2 Bd7 8.
O-O-O a6 9. Kb1 Ne5 10. f4 Nc6 11. Bc4 b5 12. Bd5 Rc8 13. Nxc6 Bxc6 14.
Bxc6+ Rxc6 15. Bd4 Nf6 16. e5 dxe5 17. Bxe5 Qxd2 18. Rxd2 O-O 19. Rhd1 Rcc8
20. g3 e6 21. a3 Ra8 22. h3 Rac8 23. Bxf6 Bxf6 24. Ne4 Bg7 25. c3 a5 26. Nd6
Rcd8 27. Nxb5 Rb8 28. a4 Rfc8 29. Rd7 Rc4 30. b3 Rcc8 31. R1d3 e5 32. fxe5
Bxe5 33. Re3 Bg7 34. Ree7 Rf8 35. c4 Bf6 36. Re2 Bg7 37. Kc2 Ba1 38. g4 Bf6
39. Ra7 Rbd8 40. Rxa5 Rfe8 41. Rxe8+ Rxe8 42. Ra7 Re2+ 43. Kd3 Re5 44. Ra8+
Kg7 45. Kc2 Re2+ 46. Kd3 Rg2 47. Ke4 Re2+ 48. Kd5 Rd2+ 49. Kc6 Re2 50. Kb6
{Black forfeits on time}
1-0